Map: Invader LE

Players

ShaDoWn - Winner!

  • Race: Protoss Protoss
  • League: Grandmaster

LiquidTLO (TLO)

  • Race: Zerg Zerg
  • League: Grandmaster

VOD

Have the link to the VOD?

Description

Time

  • Played on: July 4, 2016, 4 p.m.
  • Length: 8:27
Show
View Real Time Build Order
Export as new Build Order

ShaDoWn Protoss - Winner!

Build Orders: 1 Gate Expand, Zealot Archon, Dark Templar Rush 

Get SALT Encoding   

  12  0:01  Probe (Chrono Boost)  
  13  0:11  Probe (Chrono Boost)  
  14  0:20  Pylon  
  14  0:22  Probe (Chrono Boost)  
  15  0:39  Probe (Chrono Boost)  
  15  0:41  Gateway  
  16  0:49  Probe (Chrono Boost)  
  17  0:51  Assimilator  
  17  1:00  Probe (Chrono Boost)  
  18  1:10  Probe (Chrono Boost)  
  19  1:23  Nexus  
  19  1:26  Probe (Chrono Boost)  
  20  1:34  Cybernetics Core  
  20  1:38  Probe (Chrono Boost)  
  21  1:44  Assimilator  
  21  1:48  Probe (Chrono Boost)  
  22  1:54  Pylon  
  22  1:59  Probe (Chrono Boost)  
  23  2:11  Warp Gate  
  23  2:12  Adept, Probe (Chrono Boost)  
  27  2:23  Probe (Chrono Boost)  
  27  2:25  Twilight Council  
  27  2:28  Pylon  
  27  2:33  Probe (Chrono Boost)  
  27  2:35  Probe (Chrono Boost)  
  29  2:44  Probe (Chrono Boost)  
  30  2:45  Probe (Chrono Boost)  
  30  2:46  Adept  
  33  2:54  Probe (Chrono Boost)  
  33  2:56  Probe (Chrono Boost)  
  35  3:01  Dark Shrine  
  35  3:05  Probe (Chrono Boost)  
  36  3:07  Probe (Chrono Boost)  
  37  3:13  Adept  
  37  3:15  Probe (Chrono Boost)  
  37  3:17  Probe (Chrono Boost)  
  41  3:26  Mothership Core (Chrono Boost)  
  43  3:29  Gateway  
  43  3:30  Probe (Chrono Boost)  
  43  3:32  Gateway  
  44  3:41  Probe (Chrono Boost)  
  45  3:44  Probe (Chrono Boost)  
  46  3:51  Probe (Chrono Boost)  
  46  3:55  Probe (Chrono Boost)  
  48  4:02  Probe (Chrono Boost)  
  49  4:05  Probe (Chrono Boost)  
  49  4:09  Pylon  
  50  4:11  Nexus, Probe (Chrono Boost)  
  50  4:14  Assimilator  
  50  4:16  Probe (Chrono Boost), Assimilator  
  52  4:21  Probe  
  53  4:29  Dark Templar x3  
  53  4:31  Probe  
  60  4:32  Probe  
  60  4:34  Pylon  
  61  4:41  Pylon  
  61  4:43  Forge, Probe  
  62  4:50  Robotics Facility  
  63  4:55  Probe  
  63  5:00  Stalker  
  63  5:03  Stalker x2  
  69  5:08  Pylon  
  69  5:09  Probe (Chrono Boost)  
  69  5:10  Probe (Chrono Boost)  
  71  5:16  Blink (Chrono Boost)  
  71  5:19  Protoss Ground Weapons Level 1  
  71  5:21  Probe (Chrono Boost)  
  71  5:22  Probe (Chrono Boost)  
  71  5:25  Probe (Chrono Boost)  
  74  5:31  Probe  
  74  5:32  Probe  
  76  5:35  Probe  
  76  5:37  Immortal (Chrono Boost)  
  81  5:42  Probe  
  81  5:43  Probe  
  81  5:44  Sentry  
  81  5:45  Archon  
  81  5:48  Probe  
  86  5:53  Probe  
  86  5:55  Gateway, Probe  
  86  5:56  Sentry  
  86  5:57  Gateway  
  90  5:58  Gateway  
  90  6:01  Pylon  
  90  6:03  Probe  
  92  6:12  Stalker x2  
  92  6:14  Immortal (Chrono Boost)  
  99  6:20  Pylon, Photon Cannon  
  99  6:23  Stalker  
  101  6:27  Pylon  
  99  6:41  Stalker x2  
  103  6:47  Gateway  
  103  6:48  Immortal (Chrono Boost)  
  103  6:52  Stalker  
  103  6:53  Stalker x2  
  113  6:55  Stalker  
  113  6:56  Photon Cannon  
  115  7:10  Stalker x2  
  115  7:13  Photon Cannon  
  117  7:18  Stalker x3  
  117  7:22  Pylon x2  
  123  7:31  Immortal (Chrono Boost)  
  123  7:32  Pylon  
  123  7:39  Assimilator  
  123  7:41  Stalker x3, Assimilator  
  123  8:02  Zealot x3  
  129  8:07  Cybernetics Core  
Show
View Real Time Build Order
Export as new Build Order

LiquidTLO Zerg 

Build Orders: Hatch First 

Get SALT Encoding   

  12  0:01  Drone  
  13  0:12  Overlord  
  13  0:19  Drone  
  14  0:31  Drone x2  
  16  0:50  Hatchery  
  16  0:52  Drone  
  16  0:55  Drone  
  17  0:58  Extractor  
  16  1:12  Spawning Pool  
  16  1:14  Drone  
  16  1:18  Drone  
  17  1:22  Drone  
  18  1:32  Drone  
  19  1:42  Overlord  
  19  1:58  Metabolic Boost  
  19  1:59  Queen  
  21  2:01  Queen  
  21  2:05  Drone  
  24  2:08  Zergling x2  
  24  2:12  Drone  
  24  2:14  Drone  
  27  2:18  Drone  
  28  2:24  Zergling x2  
  28  2:27  Drone  
  30  2:39  Drone x2  
  30  2:43  Hatchery  
  31  2:47  Overlord  
  31  2:49  Drone  
  32  2:54  Zergling x2  
  32  2:57  Queen  
  35  3:01  Zergling x2  
  36  3:07  Drone x2  
  36  3:11  Drone x2  
  36  3:12  Drone x2  
  42  3:14  Drone  
  42  3:17  Drone  
  44  3:24  Overlord  
  44  3:26  Overlord  
  44  3:43  Roach Warren  
  44  3:44  Drone x2  
  44  3:46  Drone  
  44  3:47  Drone x2  
  48  3:50  Drone  
  48  3:51  Extractor, Drone  
  48  3:53  Extractor, Drone  
  49  3:57  Drone  
  49  3:58  Evolution Chamber  
  49  4:03  Drone  
  49  4:08  Drone  
  49  4:09  Drone x2, Spine Crawler  
  52  4:11  Zergling x4  
  52  4:13  Zergling x2  
  55  4:17  Queen  
  55  4:19  Overlord  
  55  4:22  Overlord  
  55  4:23  Overlord  
  57  4:25  Roach  
  57  4:28  Roach  
  61  4:34  Roach x2  
  65  4:38  Lair  
  65  4:41  Drone  
  65  4:44  Roach  
  68  4:46  Roach  
  68  4:48  Drone  
  68  4:51  Drone  
  72  4:53  Spore Crawler  
  72  4:54  Spore Crawler  
  72  4:57  Spore Crawler  
  67  5:01  Roach  
  67  5:02  Roach  
  67  5:04  Roach  
  75  5:07  Roach  
  75  5:10  Roach  
  75  5:13  Roach  
  79  5:16  Roach  
  81  5:25  Overlord  
  81  5:31  Overlord  
  81  5:35  Extractor  
  81  5:37  Glial Reconstitution  
  81  5:38  Overseer  
  81  5:40  Overlord  
  80  5:44  Overlord, Ravager  
  80  5:45  Ravager  
  80  5:46  Zergling x4  
  80  5:49  Drone x2  
  86  5:50  Drone x2  
  86  5:51  Zergling x2  
  86  5:54  Ravager x2  
  91  6:00  Roach  
  91  6:04  Roach x2  
  97  6:06  Roach  
  97  6:10  Roach  
  100  6:14  Roach  
  100  6:15  Roach  
  104  6:23  Roach  
  105  6:36  Roach  
  105  6:38  Overlord x3, Roach  
  107  6:43  Hatchery  
  107  6:45  Ravager x2  
  107  7:00  Roach  
  108  7:02  Roach  
  108  7:05  Roach  
  108  7:06  Roach  
  108  7:07  Roach  
  108  7:08  Ravager x3  
  111  7:15  Ravager x2  
  111  7:16  Ravager  
  111  7:20  Roach  
  115  7:26  Roach x3  
  120  7:36  Roach  
  122  7:37  Roach x2  
  122  7:38  Roach  
  122  7:41  Roach  
  122  7:42  Roach  
  130  7:45  Roach  
  130  7:46  Roach  
  130  7:49  Roach  
  132  7:55  Roach x3  
  116  7:58  Roach  
  116  7:59  Roach  
  116  8:04  Roach  
  111  8:06  Roach  
  111  8:08  Ravager  
  111  8:09  Zergling x2  
Tags
 
Add a new tag
Caveats
  • Supply blocks, unpowered buildings, or Contaminate may cause inaccurate times.
  • Supply counts are checked every 10 seconds.